 Dungeon Crawl Stone Soup version 0.22-a0-305-gd21a89c (webtiles) character file.

12216 mhoghedin the Prestidigitator (level 11, -8/54 HPs)
             Began as a Spriggan Earth Elementalist on Mar 31, 2018.
             Was a Believer of Ashenzari.
             Engulfed by a cloud of freezing vapour (23 damage)
             ... in an ice cave.
             The game lasted 00:39:26 (12881 turns).

mhoghedin the Prestidigitator (SpEE)               Turns: 12881, Time: 00:39:27

Health: -8/54      AC:  5    Str:  4    XL:     11   Next: 59%
Magic:  5/22       EV: 25    Int: 22    God:    Ashenzari [**....]
Gold:   673        SH:  3    Dex: 17    Spells: 4/24 levels left

rFire    + . .     SeeInvis +   g - +4 short sword (venom)
rCold    . . .     Gourm    .   (shield restricted)
rNeg     + + .     Faith    .   N - +1 robe "Eruh" {+Fly rF+ rN+ Regen+}
rPois    .         Spirit   .   w - +2 hat
rElec    .         Reflect  +   J - scarf {repulsion}
rCorr    .         Harm     .   (gloves unavailable)
MR       +....                  (boots unavailable)
Stlth    ++++......             s - +3 amulet of reflection (curse)
HPRegen  0.58/turn              c - ring of positive energy (curse) {rN+}
MPRegen  0.18/turn              (no ring)

@: very slightly contaminated, studying Evocations, repel missiles, very quick
A: very small, unfitting armour, horns 2, see invisible, clever 1, herbivore,
speed 3, slow metabolism 2
a: Curse Item, Scrying, Renounce Religion, Evoke Flight


You were in an ice cave.
You worshipped Ashenzari.
Ashenzari was pleased with you.
You were not hungry.

You visited 2 branches of the dungeon, and saw 10 of its levels.
You also visited: Ossuary and Ice Cave.

You collected 673 gold pieces.

Inventory:

Hand Weapons
 g - a +4 short sword of venom (weapon)
   (You took it off a hobgoblin on level 3 of the Dungeon)
Missiles
 b - 91 stones (quivered)
 o - 2 throwing nets {=f, !d}
Armour
 w - a +2 hat (worn)
   (You found it on level 5 of the Dungeon)
 J - a scarf of repulsion (worn)
   (You found it on level 8 of the Dungeon)
 N - the +1 robe "Eruh" (worn) {+Fly rF+ rN+ Regen+}
   (You found it on level 9 of the Dungeon)

   It protects you from fire.
   It protects you from negative energy.
   It lets you fly.
   It increases your rate of regeneration.
Jewellery
 c - a cursed ring of positive energy (left hand) {rN+}
   (You found it on level 5 of the Dungeon)
 s - a cursed +3 amulet of reflection (around neck)
   (You found it on level 4 of the Dungeon)
 D - an uncursed ring of positive energy {rN+}
   (You found it on level 6 of the Dungeon)
 F - an uncursed ring of flight {+Fly, !d}
   (You found it on level 7 of the Dungeon)
Wands
 i - a wand of paralysis (9)
   (You found it on level 5 of the Dungeon)
 B - a wand of random effects (68)
   (You took it off an orc priest on level 4 of the Dungeon)
 H - a wand of polymorph (15)
   (You found it on level 8 of the Dungeon)
Scrolls
 e - a scroll of magic mapping {!r}
 f - 6 scrolls of amnesia
 k - 2 scrolls of teleportation
 m - 3 scrolls of enchant weapon
 n - a scroll of immolation {!r}
 v - 6 scrolls of remove curse
 I - a scroll of fear
 M - a scroll of enchant armour
Potions
 a - 2 potions of brilliance
 h - a potion of mutation {!q}
 j - 2 potions of curing
 l - 2 potions of cancellation
 p - 3 potions of might
 q - 7 potions of ambrosia
 r - a potion of agility
 u - a potion of haste {unknown}
 x - 2 potions of flight {unknown}
 A - 3 potions of lignification {!q}
 C - a potion of berserk rage {!q}
 G - a potion of magic {unknown}
Books
 K - a manual of Evocations {!d}
   (You found it on level 8 of the Dungeon)
Miscellaneous
 z - a phial of floods (inert)
   (You found it on level 8 of the Dungeon)
 L - a lightning rod (inert)
   (You found it on level 8 of the Dungeon)
Comestibles
 d - 7 rations


   Skills:
 - Level 4.4 Fighting
 - Level 3.5 Short Blades
 - Level 9.9 Dodging
 - Level 9.1 Stealth
 - Level 7.0 Spellcasting
 - Level 7.6(9.1) Hexes
 - Level 7.0(8.5) Transmutations
 + Level 8.0(9.5) Earth Magic
 - Level 14.2(15.4) Evocations


You had 4 spell levels left.
You knew the following spells:

 Your Spells              Type           Power        Failure   Level  Hunger
a - Sandblast             Erth           #####.       1%          1    None
b - Ensorcelled Hibernat  Hex/Ice        ####..       1%          2    None
c - Petrify               Tmut/Erth      #####...     1%          4    ###....
d - Tukima's Dance        Hex            #####...     1%          3    None
w - Passwall              Tmut/Erth      #####.....   1%          2    None
x - Stone Arrow           Conj/Erth      ####..       3%          3    None
z - Lee's Rapid Deconstr  Erth           #####.....   4%          5    #####..


Dungeon Overview and Level Annotations

Branches:
Dungeon (9/15)             Temple (0/1) D:7            Lair (1/6) D:9
    Orc: D:9-12

Altars:
Ashenzari
Dithmenos
Fedhas
Nemelex Xobeh
Okawaru
Qazlal
Ru
Trog
Uskayaw
Wu Jian
The Shining One

Shops:
D:7 !   D:9 (

Annotations:
IceCv exclusion: 2 ice statues


Innate Abilities, Weirdness & Mutations

You are very small and have problems with some larger weapons.
You are too small for most types of armour.
You have supernaturally acute eyesight. (SInv)
You are a herbivore.
You cover ground extremely quickly.
You need to consume almost no food.
You have a pair of horns on your head.
Your mind is acute. (Int +2)


Message History

An ice devil comes into view.
You can't see any susceptible monsters within range! (Use Z to cast anyway.)
Aim: an ice devil (resting, chance to defeat MR: 21%)
The ice devil resists with almost no effort.
You now have 18/22 mp.
You can't see any susceptible monsters within range! (Use Z to cast anyway.) Unknown command.
You start resting.
You can't see any susceptible monsters within range! (Use Z to cast anyway.) Unknown command.
You can't see any susceptible monsters within range! (Use Z to cast anyway.) Unknown command.
Aim: an ice devil The blast of sand hits the ice devil.
b - 106 stones
Aim: an ice devil The blast of sand misses the ice devil.
b - 105 stones You now have 18/22 mp.
Aim: an ice devil The blast of sand hits the ice devil.
b - 104 stones The ice devil misses you.
You now have 17/22 mp.
Aim: an ice devil (heavily wounded)
The blast of sand hits the ice devil.
b - 103 stones The ice devil completely misses you.
You now have 16/22 mp.
Aim: an ice devil (heavily wounded)
The blast of sand misses the ice devil.
b - 102 stones The ice devil completely misses you.
You now have 15/22 mp.
Aim: an ice devil (heavily wounded)
The blast of sand hits the ice devil.
b - 101 stones The ice devil misses you.
You now have 14/22 mp.
Aim: an ice devil (heavily wounded)
The blast of sand misses the ice devil.
b - 100 stones The ice devil misses you.
Aim: an ice devil (heavily wounded)
The blast of sand hits the ice devil.
b - 99 stones The ice devil closely misses you.
You now have 13/22 mp.
Aim: an ice devil (heavily wounded)
The blast of sand hits the ice devil.
b - 98 stones The ice devil closely misses you.
You now have 12/22 mp.
Aim: an ice devil (severely wounded)
You miscast Stone Arrow.
You are very lightly contaminated with residual magic.
Your hair stands on end.
The ice devil hits you! The ice devil freezes you!
You take 20 damage, and have 34/54 hp.
MASSIVE DAMAGE!!
You now have 9/22 mp.
Aim: an ice devil (severely wounded)
The blast of sand hits the ice devil.
b - 97 stones The ice devil hits you.
The ice devil freezes you!!
* * * LOW HITPOINT WARNING * * *
You take 27 damage, and have 7/54 hp.
MASSIVE DAMAGE!!
You now have 8/22 mp.
Aim: an ice devil (almost dead)
The blast of sand hits the ice devil.
b - 96 stones The ice devil closely misses you.
Aim: an ice devil (almost dead)
The blast of sand hits the ice devil.
b - 95 stones The ice devil closely misses you.
You now have 7/22 mp.
Aim: an ice devil (almost dead)
The blast of sand hits the ice devil.
b - 94 stones The ice devil barely misses you.
You now have 6/22 mp.
Aim: an ice devil (almost dead)
The blast of sand hits the ice devil.
b - 93 stones
Aim: an ice devil (almost dead)
The blast of sand hits the ice devil.
b - 92 stones You now have 5/22 mp.
You enter the shallow water.
Moving in this stuff is going to be slow.
Aim: an ice devil (almost dead)
The blast of sand hits the ice devil.
You kill the ice devil!
Your base Earth Magic skill increases to level 8!
b - 91 stones You now have 4/22 mp.
You start resting.
You are engulfed in freezing vapours.
You die...

###### ###§§§§### ###..§§§§§§##
##....###§§§§##
###...###.###@§.# ####
##..####....##§§§# #####...
#...##......#§§###### ##.......
#..###)...........#.###........
##...##)..##.........#.........
##.§.###########..............
*#.§§#**≈≈≈≈≈≈####...........
*##§§§#*****≈≈≈≈###.........
*#§§§,,,,****≈≈≈###8#....#


There were no monsters in sight!

Vanquished Creatures
  A hydra (D:8)
  2 two-headed ogres (D:8)
  A tengu warrior (D:8)
  4 elephants
  A centaur skeleton (D:9)
  2 ice devils (IceCv)
  2 trolls
  A hippogriff (D:7)
  A wyvern (D:9)
  5 yaks
  4 porcupines
  A water moccasin (D:8)
  A swamp drake (shapeshifter) (D:8)
  2 orc warriors
  2 sky beasts (D:8)
  6 black bears
  An ice beast (D:9)
  2 necrophages
  A phantom (D:9)
  2 ogres (D:8)
  A wolf (D:9)
  4 centaurs
  A big kobold (D:8)
  6 bullfrogs
  7 crocodiles
  Blork the orc (D:6)
  A gnoll sergeant (D:8)
  4 scorpions
  A killer bee (D:8)
  4 howler monkeys
  4 wights (D:6)
  6 crimson imps
  A centaur zombie (Ossuary)
  5 bullfrog zombies
  4 jellies
  9 hounds
  3 orc priests
  6 orc wizards
  A bullfrog skeleton (D:4)
  12 mummies (Ossuary)
  9 iguanas
  6 worker ants
  A killer bee zombie (D:8)
  3 hound zombies
  A howler monkey zombie (D:6)
  3 worker ant zombies
  8 gnolls
  9 adders
  3 shadow imps
  9 white imps (IceCv)
  5 ufetubi (IceCv)
  2 adder zombies
  4 worms
  A dart slug (D:1)
  4 leopard geckos
  32 orcs
  A ball python (D:1)
  10 bats
  5 giant cockroaches
  8 goblins
  8 hobgoblins
  12 jackals
  10 kobolds
  7 quokkas
  7 frilled lizards
  A giant cockroach zombie (D:5)
  A jackal skeleton (D:4)
  A jackal zombie (Ossuary)
  3 quokka skeletons
  A quokka zombie (Ossuary)
  9 rats
  A plant (D:9)
308 creatures vanquished.

Vanquished Creatures (collateral kills)
  A two-headed ogre (D:8)
  An ogre (D:9)
2 creatures vanquished.

Vanquished Creatures (others)
  2 dancing weapons (D:8)
  2 ufetubi (IceCv)
  3 fungi (D:9)
  5 plants (D:9)
  4 withered plants (Ossuary)
16 creatures vanquished.

Grand Total: 326 creatures vanquished

Notes
Turn   | Place    | Note
-------+----------+-------------------------------------------
     0 | D:1      | mhoghedin the Spriggan Earth Elementalist began the quest for the Orb.
     0 | D:1      | Reached XP level 1. HP: 9/9 MP: 5/5
    27 | D:1      | Reached skill level 3 in Spellcasting
   120 | D:1      | Reached skill level 3 in Earth Magic
   144 | D:1      | Reached XP level 2. HP: 13/13 MP: 5/7
   373 | D:1      | Learned a level 2 spell: Passwall
  1047 | D:2      | Reached XP level 3. HP: 16/16 MP: 7/9
  1055 | D:2      | HP: 1/16 [gnoll/halberd (11)]
  1366 | D:2      | Reached skill level 4 in Spellcasting
  1608 | D:2      | Found a shattered altar of Ashenzari.
  1625 | D:2      | Reached XP level 4. HP: 20/21 MP: 7/11
  1748 | D:2      | Reached skill level 4 in Dodging
  1753 | D:2      | Learned a level 3 spell: Stone Arrow
  2048 | D:2      | Learned a level 4 spell: Petrify
  2755 | D:2      | Reached skill level 2 in Transmutations
  2755 | D:2      | Reached XP level 5. HP: 24/24 MP: 2/13
  2913 | D:3      | Reached skill level 3 in Transmutations
  2933 | D:3      | Reached skill level 4 in Earth Magic
  3598 | D:3      | Reached skill level 1 in Short Blades
  3840 | D:4      | Reached XP level 6. HP: 28/28 MP: 14/14
  4119 | D:4      | Reached skill level 4 in Stealth
  4170 | D:4      | Found a sand-covered staircase.
  4189 | Ossuary  | Entered an ossuary
  4278 | Ossuary  | Reached skill level 2 in Short Blades
  4285 | Ossuary  | Reached skill level 5 in Dodging
  4448 | Ossuary  | Reached skill level 5 in Stealth
  4467 | Ossuary  | Reached XP level 7. HP: 31/32 MP: 4/15
  4548 | Ossuary  | Reached skill level 3 in Short Blades
  4611 | Ossuary  | Reached skill level 5 in Spellcasting
  5135 | D:4      | Learned a level 5 spell: Lee's Rapid Deconstruction
  5406 | D:4      | Found an ornate altar of the Wu Jian Council.
  5738 | D:5      | Entered Level 5 of the Dungeon
  5819 | D:5      | Reached skill level 6 in Spellcasting
  5925 | D:5      | Learned a level 2 spell: Ensorcelled Hibernation
  6154 | D:5      | Reached skill level 1 in Hexes
  6156 | D:5      | Reached XP level 8. HP: 36/36 MP: 4/19
  6322 | D:5      | Reached skill level 7 in Spellcasting
  6369 | D:5      | Reached skill level 2 in Hexes
  6392 | D:5      | Reached skill level 6 in Stealth
  6460 | D:5      | Reached skill level 3 in Hexes
  6497 | D:5      | Found an iron altar of Okawaru.
  6498 | D:5      | Found a sparkling altar of Nemelex Xobeh.
  6498 | D:5      | Found a glowing golden altar of the Shining One.
  7050 | D:6      | Reached skill level 7 in Stealth
  7050 | D:6      | Reached skill level 4 in Hexes
  7307 | D:6      | Reached skill level 8 in Stealth
  7521 | D:6      | Reached skill level 9 in Stealth
  7657 | D:6      | Noticed Blork the orc
  7797 | D:2      | Became a worshipper of Ashenzari the Shackled
  8008 | D:6      | Reached skill level 5 in Hexes
  8026 | D:6      | Killed Blork the orc
  8121 | D:5      | Reached skill level 6 in Hexes
  8295 | D:7      | Found Fiuforph's Distillery.
  8314 | D:7      | Gained mutation: You have a pair of small horns on your head. [potion of mutation]
  8314 | D:7      | Gained mutation: Your mind is acute. (Int +2) [potion of mutation]
  8314 | D:7      | Gained mutation: You have a pair of horns on your head. [potion of mutation]
  8429 | D:7      | Reached XP level 9. HP: 39/39 MP: 20/20
  8516 | D:7      | Reached skill level 7 in Hexes
  8690 | D:7      | Found a stormy altar of Qazlal.
  8754 | D:7      | Found a staircase to the Ecumenical Temple.
  8766 | D:7      | Reached skill level 4 in Transmutations
  9300 | D:8      | Found a sacrificial altar of Ru.
  9300 | D:8      | Found a hide-covered altar of Uskayaw.
  9305 | D:8      | Reached skill level 5 in Earth Magic
  9397 | D:8      | Noticed a two-headed ogre
  9408 | D:8      | Learned a level 3 spell: Tukima's Dance
  9416 | D:8      | HP: 8/39 [two-headed ogre (20)]
  9421 | D:8      | Killed a two-headed ogre
  9421 | D:8      | Reached skill level 6 in Earth Magic
  9427 | D:8      | Reached skill level 6 in Dodging
  9604 | D:8      | Reached skill level 1 in Fighting
  9682 | D:8      | Reached skill level 7 in Dodging
  9710 | D:8      | Reached skill level 2 in Fighting
  9729 | D:8      | Reached * piety under Ashenzari
  9853 | D:8      | Noticed a two-headed ogre
  9859 | D:8      | Killed a two-headed ogre
  9868 | D:8      | Reached skill level 8 in Dodging
  9868 | D:8      | Reached XP level 10. HP: 48/48 MP: 11/21
  9892 | D:8      | Reached skill level 3 in Fighting
  9992 | D:8      | Noticed a tengu warrior
  9993 | D:8      | Killed a tengu warrior
  9993 | D:8      | Identified the +3 ring mail of Tedizom {MR+ Str+2} (You took it off a tengu warrior on level 8 of the Dungeon)
  9993 | D:8      | Reached skill level 4 in Fighting
  9993 | D:8      | Reached skill level 9 in Dodging
  9997 | D:8      | Noticed a centaur warrior
 10003 | D:8      | HP: 9/49 [centaur warrior/arrow (25)]
 10012 | D:8      | HP: 4/49 [centaur warrior/longbow (15)]
 10017 | D:8      | Noticed a two-headed ogre
 10023 | D:8      | Killed a two-headed ogre
 10127 | D:8      | Noticed a five-headed hydra
 10144 | D:8      | Killed a five-headed hydra
 10144 | D:8      | Reached skill level 5 in Transmutations
 10144 | D:8      | Reached skill level 7 in Earth Magic
 10294 | D:8      | Identified a lightning rod (4/4)
 10394 | D:8      | Found a blossoming altar of Fedhas.
 10395 | D:8      | Found a bloodstained altar of Trog.
 10401 | D:8      | Reached skill level 6 in Transmutations
 10802 | D:8      | Found a shadowy altar of Dithmenos.
 11052 | D:8      | Reached skill level 7 in Transmutations
 11183 | D:9      | Reached skill level 3 in Evocations
 11184 | D:9      | Reached skill level 4 in Evocations
 11197 | D:9      | Reached skill level 5 in Evocations
 11316 | D:9      | Reached skill level 6 in Evocations
 11317 | D:9      | Reached XP level 11. HP: 54/54 MP: 15/22
 11396 | D:9      | Reached skill level 7 in Evocations
 11426 | D:9      | Reached skill level 8 in Evocations
 11672 | D:9      | Reached skill level 9 in Evocations
 11681 | D:9      | Reached skill level 10 in Evocations
 11821 | D:9      | Found Apoogib's Antique Weapon Shop.
 11874 | D:9      | Found a staircase to the Lair.
 11927 | D:9      | Reached skill level 11 in Evocations
 11980 | D:9      | Reached ** piety under Ashenzari
 12096 | D:9      | Identified the +1 robe "Eruh" {+Fly rF+ rN+ Regen+}
 12250 | Lair:1   | Entered Level 1 of the Lair of Beasts
 12256 | Lair:1   | Reached skill level 12 in Evocations
 12275 | D:9      | Reached skill level 13 in Evocations
 12481 | Lair:1   | Reached skill level 14 in Evocations
 12512 | Lair:1   | Found a frozen archway.
 12540 | IceCv    | Entered an ice cave
 12863 | IceCv    | HP: 7/54 [ice devil (22)]
 12877 | IceCv    | Reached skill level 8 in Earth Magic
 12881 | IceCv    | Engulfed by a cloud of freezing vapour

Vault maps used:
D:1:      moated_graveyard_arrival, serial_aquarium,
          aquarium_bridge_island_small, aquarium_window_corridor_3,
          aquarium_window_2, aquarium_view_2d, aquarium_view_2f,
          aquarium_pool_corner, corexii_item_surrounded_by_moat,
          minmay_box_of_dots
D:2:      nicolae_ashenzari_panopticon
D:3:      due_unseen_surprise
D:4:      nicolae_overflow_crystal_walls, first_ration,
          chequers_ossuary_entry_cave
D:5:      gammafunk_temple_overflow_claw
D:6:      uniq_blork_the_orc
D:7:      marbit_many_paths, minmay_temple_entry_hall, serial_shops, shop,
          serial_corexii_hall, corexii_hall_statues_s, corexii_hall_statues_x
D:8:      minmay_the_grid_octo_tiled_octocenter, basic_altar
D:9:      minmay_lair_entry_grove, serial_shops, shop
Lair:1:   portal_ice_cave_entry_pillars_1
Ossuary:  ossuary_zaba_flooded
IceCv:    ice_cave_small_demon

Skill      XL: |  1  2  3  4  5  6  7  8  9 10 11 |
---------------+----------------------------------+-----
Spellcasting   | 3 4 6 7 |  7.0
Earth Magic    | 3 4 6 7 8 |  8.0
Dodging        | 4 5 8 9 |  9.9
Transmutations | 2 3 4 7 |  7.0
Short Blades   | 1 2 3 |  3.5
Stealth        | 5 9 |  9.1
Hexes          | 1 6 7 |  7.6
Fighting       | 2 4 |  4.4
Evocations     | 6 14 | 14.2

Action                   |  1- 3 |  4- 6 |  7- 9 | 10-12 || total
-------------------------+-------+-------+-------+-------++-------
Melee: Unarmed           |     1 |       |       |       ||     1
       Flail             |       |    67 |       |       ||    67
       Short sword       |       |    59 |   253 |   234 ||   546
       Headbutt          |       |       |    11 |    40 ||    51
 Cast: Sandblast         |    55 |    96 |    70 |    57 ||   278
       Stone Arrow       |       |     1 |    41 |     3 ||    45
       Ensorcelled Hiber |       |       |     8 |       ||     8
       Tukima's Dance    |       |       |     6 |     4 ||    10
       Petrify           |       |       |     1 |     7 ||     8
       Lee's Rapid Decon |       |       |       |    20 ||    20
Invok: Curse Item        |       |       |     2 |       ||     2
Evoke: Wand              |       |     4 |     2 |    13 ||    19
       Lightning rod     |       |       |       |     4 ||     4
       Phial of floods   |       |       |       |     1 ||     1
  Use: Potion            |     3 |       |     2 |     4 ||     9
       Scroll            |       |     7 |    11 |     6 ||    24
 Stab: Sleeping          |     1 |     4 |    14 |     4 ||    23
       Distracted        |       |     1 |       |     1 ||     2
       Paralysed         |       |     1 |       |       ||     1
       Petrified         |       |       |     1 |     4 ||     5
  Eat: Ration            |       |     1 |     4 |     4 ||     9
Armor: Robe              |     2 |    21 |    16 |    27 ||    66
Dodge: Dodged            |    12 |   158 |   214 |   287 ||   671
       Deflected         |       |       |       |     1 ||     1
Block: Other             |       |     4 |    27 |    31 ||    62
       Reflection        |       |       |       |     1 ||     1

Table legend:
 A = Spawn XP
 B = Non-spawn XP
 C = Spawn XP percentage of total XP
 D = Spawn monster count
 E = Non-spawn monster count
 F = Spawn count percentage of total count
 G = Total turns spent on level
                    A         B        C        D         E        F      G
               +---------+---------+-------+---------+---------+-------+---------
         Total |       0 |   17452 |   0.0 |       0 |     309 |   0.0 | 12881
               +---------+---------+-------+---------+---------+-------+---------
           D:1 |       0 |      39 |   0.0 |       0 |      24 |   0.0 |  1277
           D:2 |       0 |     187 |   0.0 |       0 |      31 |   0.0 |  1665
           D:3 |       0 |     152 |   0.0 |       0 |      36 |   0.0 |  1023
           D:4 |       0 |     287 |   0.0 |       0 |      20 |   0.0 |  1163
           D:5 |       0 |     639 |   0.0 |       0 |      23 |   0.0 |  1260
           D:6 |       0 |     812 |   0.0 |       0 |      29 |   0.0 |   957
           D:7 |       0 |     772 |   0.0 |       0 |      10 |   0.0 |   966
           D:8 |       0 |    6415 |   0.0 |       0 |      52 |   0.0 |  1903
           D:9 |       0 |    5962 |   0.0 |       0 |      43 |   0.0 |  1306
        Lair:1 |       0 |     839 |   0.0 |       0 |       4 |   0.0 |    81
       Ossuary |       0 |     535 |   0.0 |       0 |      21 |   0.0 |   939
         IceCv |       0 |     813 |   0.0 |       0 |      16 |   0.0 |   341
               +---------+---------+-------+---------+---------+-------+---------

Vault maps used:
D:1:      moated_graveyard_arrival, serial_aquarium,
          aquarium_bridge_island_small, aquarium_window_corridor_3,
          aquarium_window_2, aquarium_view_2d, aquarium_view_2f,
          aquarium_pool_corner, corexii_item_surrounded_by_moat,
          minmay_box_of_dots
D:2:      nicolae_ashenzari_panopticon
D:3:      due_unseen_surprise
D:4:      nicolae_overflow_crystal_walls, first_ration,
          chequers_ossuary_entry_cave
D:5:      gammafunk_temple_overflow_claw
D:6:      uniq_blork_the_orc
D:7:      marbit_many_paths, minmay_temple_entry_hall, serial_shops, shop,
          serial_corexii_hall, corexii_hall_statues_s, corexii_hall_statues_x
D:8:      minmay_the_grid_octo_tiled_octocenter, basic_altar
D:9:      minmay_lair_entry_grove, serial_shops, shop
Lair:1:   portal_ice_cave_entry_pillars_1
Ossuary:  ossuary_zaba_flooded
IceCv:    ice_cave_small_demon

Table legend:
 A = Turns spent in this place as a percentage of turns spent in the entire game.
 B = Non-inter-level travel turns spent in this place as a percentage of non-inter-level travel turns spent in the entire game.
 C = Inter-level travel turns spent in this place as a percentage of turns spent in this place.
 D = Turns resting spent in this place as a percentage of non-inter-level travel turns spent in this place.
 E = Turns spent auto-exploring this place as a percentage of non-inter-level travel turns spent in this place.
 F = Non-inter-level travel turns spent in this place divided by the number of levels of this place that you've seen.
                   A       B       C       D       E      F
               +-------+-------+-------+-------+-------+----------------------
         Total | 100.0 | 100.0 |   4.4 |  35.4 |  40.2 | 1026.2
       Dungeon |  89.4 |  88.9 |   4.9 |  33.3 |  44.4 | 1217.1
          Lair |   0.6 |   0.7 |   0.0 |   4.9 |   0.0 |  81.0
       Ossuary |   7.3 |   7.6 |   0.0 |  59.7 |   8.9 | 939.0
      Ice Cave |   2.6 |   2.8 |   0.0 |  42.8 |   0.3 | 341.0
               +-------+-------+-------+-------+-------+----------------------

Table legend:
 A = Kills in this place as a percentage of kills in entire the game.
 B = Kills by you in this place as a percentage of kills by you in the entire game.
 C = Kills by friends in this place as a percentage of kills by friends in the entire game.
 D = Other kills in this place as a percentage of other kills in the entire game.
 E = Experience gained in this place as a percentage of experience gained in the entire game.
 F = Experience gained in this place divided by the number of levels of this place that you have seen.
                   A       B       C       D       E      F
               +-------+-------+-------+-------+-------+----------------------
         Total | 100.0 | 100.0 | 100.0 |   N/A | 100.0 | 1454.3
       Dungeon |  86.7 |  86.6 | 100.0 |   N/A |  87.5 | 1696.1
          Lair |   1.3 |   1.3 |   0.0 |   N/A |   4.8 | 839.0
       Ossuary |   6.8 |   6.8 |   0.0 |   N/A |   3.1 | 535.0
      Ice Cave |   5.2 |   5.2 |   0.0 |   N/A |   4.7 | 813.0
               +-------+-------+-------+-------+-------+----------------------
